 Dungeon Crawl Stone Soup version 0.22-a0-266-g5fdf0d7 (webtiles) character file.

5422 MatthieuS the Destroyer (level 10, -1/63 HPs)
             Began as a Tengu Conjurer on Mar 8, 2018.
             Was a Believer of Vehumet.
             Slain by a basilisk (3 damage)
             ... on level 8 of the Dungeon.
             The game lasted 00:32:14 (9249 turns).

MatthieuS the Destroyer (Tengu Conjurer)            Turns: 9249, Time: 00:32:15

Health: -1/63      AC:  5    Str:  9    XL:     10   Next: 67%
Magic:  21/24      EV:  2    Int: 18    God:    Vehumet [**....]
Gold:   469        SH:  0    Dex: 15    Spells: 8/28 levels left

rFire    . . .     SeeInvis +   a - +0 dagger (venom)
rCold    . . .     Gourm    .   (no shield)
rNeg     + + +     Faith    .   g - +0 robe
rPois    ∞         Spirit   .   (helmet restricted)
rElec    .         Reflect  .   q - scarf {repulsion}
rCorr    .         Harm     .   u - +2 pair of gloves {archery}
MR       .....                  (boots unavailable)
Stlth    ++........             (no amulet)
HPRegen  0.20/turn              z - ring of see invisible
MPRegen  0.19/turn              (no ring)

@: petrified, repel missiles
A: beak, talons 3, able to fly 1
a: Fly, Renounce Religion


You were on level 8 of the Dungeon.
You worshipped Vehumet.
Vehumet was pleased with you.
You were not hungry.

You visited 1 branch of the dungeon, and saw 8 of its levels.

You collected 469 gold pieces.

Inventory:

Hand Weapons
 a - a +0 dagger of venom (weapon)
   (You took it off a goblin on level 1 of the Dungeon)
 x - a +1 dagger of electrocution
   (You took it off an orc wizard on level 6 of the Dungeon)
Missiles
 h - 2 throwing nets (quivered) {!f}
Armour
 g - a +0 robe (worn)
 q - a scarf of repulsion (worn)
   (You found it on level 3 of the Dungeon)
 u - a +2 pair of gloves of archery (worn)
   (You found it on level 7 of the Dungeon)
Jewellery
 z - a ring of see invisible (left hand)
   (You found it on level 8 of the Dungeon)
Scrolls
 b - 3 scrolls of fog
 f - 2 scrolls of blinking
 i - 6 scrolls of remove curse {@r2}
 k - 3 scrolls of teleportation {@r4}
 l - a scroll of immolation {unknown}
 n - a scroll of vulnerability {unknown}
 r - a scroll of fear {unknown}
 y - a scroll of holy word {unknown}
Potions
 c - 2 potions of haste {@q3}
 j - 2 potions of heal wounds {@q2}
 m - a potion of curing {@q1}
 o - a potion of mutation {!q}
 v - a potion of brilliance
Comestibles
 d - 2 chunks of flesh
 e - 17 rations


   Skills:
 + Level 7.1 Fighting
 + Level 3.7 Armour
 + Level 4.4 Dodging
 - Level 2.0 Stealth
 * Level 9.8 Spellcasting
 + Level 10.8 Conjurations
 + Level 1.5 Fire Magic


You had 8 spell levels left.
You knew the following spells:

 Your Spells              Type           Power        Failure   Level  Hunger
a - Magic Dart            Conj           ####         1%          1    None
b - Searing Ray           Conj           #####.       1%          2    None
c - Dazzling Spray        Conj/Hex       ####..       2%          3    None
d - Iskenderun's Mystic   Conj           #####...     1%          4    ###....
e - Fulminant Prism       Conj/Hex       ####......   9%          4    ###....
f - Force Lance           Conj/Tloc      ####....     9%          4    ###....
g - Throw Flame           Conj/Fire      ####..       1%          2    None


Dungeon Overview and Level Annotations

Branches:
Dungeon (8/15)             Temple (0/1) D:7            Lair (0/6) D:8

Altars:
Elyvilon
Kikubaaqudgha
Makhleb
Uskayaw
Vehumet
The Shining One

Annotations:
D:6 edsrzf's ghost, novice OpAs


Innate Abilities, Weirdness & Mutations

You have a beak for a mouth.
You have claws for feet.
You can fly.


Message History

The crocodile bites you!
You conjure a prism of explosive energy!
The crocodile bites you!
Your fulminant prism crackles loudly.
The adder completely misses your fulminant prism.
The blast of energy engulfs the adder.
You kill the adder!
Vehumet accepts your kill.
You feel your power returning.
The blast of energy engulfs the crocodile.
You hear an angry hiss.
You hear a shout! x2; You hear a trumpeting!
Aim: a crocodile (moderately wounded)
The searing ray hits the crocodile. (Press . to maintain the ray.)
The crocodile barely misses you.
The searing ray hits the crocodile.
The crocodile bites you!
* * * LOW HITPOINT WARNING * * *
The searing ray hits the crocodile.
The crocodile closely misses you.
The searing ray hits the crocodile.
You kill the crocodile!
Vehumet accepts your kill.
You finish channeling your searing ray.
You see here an adder corpse.
You butcher the adder corpse.
d - 2 chunks of flesh You start resting.
A basilisk comes into view.
Aim: a basilisk (hasn't noticed you)
The searing ray hits the basilisk.
The basilisk hisses angrily. (Press . to maintain the ray.)
The basilisk gazes at you.
You are slowing down.
The searing ray misses the basilisk.
Your limbs are stiffening.
The searing ray hits the basilisk.
The basilisk closely misses you. The basilisk bites you!
* * * LOW HITPOINT WARNING * * *
You have turned to stone.
The basilisk bites you.
* * * LOW HITPOINT WARNING * * *
The basilisk gazes at you. You resist with some effort.
The basilisk bites you!!
* * * LOW HITPOINT WARNING * * *
The basilisk bites you!
* * * LOW HITPOINT WARNING * * *
The basilisk bites you!
* * * LOW HITPOINT WARNING * * *
The basilisk bites you!
You die...

####### ......#
#####.######
#......####
######....###
####...####
##..@l.## #.###..#
.######.#....#####
...............?.#
.#####...........#
#..#........#
....##(.......#
..........<(....#
................#


You could see a basilisk.

Vanquished Creatures
  2 two-headed ogres
  The ghost of myxocpahck the Summoner, a novice DESu of Sif Muna (D:7)
  Sigmund (D:5)
  Eustachio (D:6)
  4 hogs (D:7)
  A human (D:7)
  A hungry ghost (D:7)
  2 ice beasts
  2 orc warriors (D:7)
  3 sky beasts
  3 phantoms
  2 centaurs
  A crocodile (D:8)
  A bullfrog (D:6)
  A scorpion (D:6)
  A howler monkey (D:6)
  2 crimson imps (D:6)
  A bullfrog zombie (D:6)
  A jelly (D:7)
  3 bullfrog skeletons
  5 orc priests
  3 hounds
  10 orc wizards
  Jessica (D:2)
  4 centaur skeletons
  An iguana (D:7)
  3 worker ants
  2 hound skeletons
  A worker ant zombie (D:7)
  14 gnolls
  11 adders
  A shadow imp (D:5)
  3 oozes
  An adder skeleton (D:4)
  5 worms
  3 dart slugs
  7 leopard geckos
  35 orcs
  4 bats
  7 giant cockroaches
  5 goblins (D:1)
  4 hobgoblins
  10 jackals
  3 quokkas
  4 ball pythons
  6 frilled lizards
  5 kobolds
  A leopard gecko zombie (D:7)
  A quokka skeleton (D:5)
  8 rats
202 creatures vanquished.

Vanquished Creatures (others)
  22 fulminant prisms
22 creatures vanquished.

Grand Total: 224 creatures vanquished

Notes
Turn   | Place    | Note
-------+----------+-------------------------------------------
     0 | D:1      | MatthieuS the Tengu Conjurer began the quest for the Orb.
     0 | D:1      | Reached XP level 1. HP: 10/10 MP: 4/4
    95 | D:1      | Reached XP level 2. HP: 2/16 MP: 0/6
   371 | D:1      | Learned a level 2 spell: Searing Ray
   747 | D:1      | Reached skill level 1 in Fighting
   913 | D:1      | Reached XP level 3. HP: 20/20 MP: 5/8
  1349 | D:2      | Reached XP level 4. HP: 14/25 MP: 3/9
  1678 | D:2      | Found an ancient bone altar of Kikubaaqudgha.
  1780 | D:2      | Noticed Jessica
  1793 | D:2      | Killed Jessica
  1793 | D:2      | Reached skill level 6 in Conjurations
  1935 | D:2      | Learned a level 3 spell: Dazzling Spray
  1956 | D:2      | Gained mutation: You can fly. [Tengu growth]
  1956 | D:2      | Reached XP level 5. HP: 30/30 MP: 7/11
  2105 | D:3      | Learned a level 4 spell: Iskenderun's Mystic Blast
  2214 | D:3      | Reached XP level 6. HP: 31/36 MP: 3/13
  3130 | D:4      | Noticed a phantom
  3142 | D:4      | Killed a phantom
  3142 | D:4      | Reached skill level 7 in Conjurations
  3142 | D:4      | Reached XP level 7. HP: 35/41 MP: 2/15
  3236 | D:4      | Learned a level 4 spell: Fulminant Prism
  3241 | D:4      | Reached skill level 5 in Spellcasting
  4045 | D:4      | Found a hide-covered altar of Uskayaw.
  4126 | D:5      | Entered Level 5 of the Dungeon
  4166 | D:5      | Found a glowing golden altar of the Shining One.
  4575 | D:5      | Reached XP level 8. HP: 48/48 MP: 10/18
  5004 | D:5      | Found a radiant altar of Vehumet.
  5004 | D:5      | Found a white marble altar of Elyvilon.
  5007 | D:5      | Became a worshipper of Vehumet
  5046 | D:5      | Noticed Sigmund
  5050 | D:5      | Killed Sigmund
  5050 | D:5      | Reached skill level 8 in Conjurations
  5097 | D:6      | Learned a level 4 spell: Force Lance
  5127 | D:6      | Noticed a two-headed ogre
  5393 | D:6      | Found a burning altar of Makhleb.
  5556 | D:6      | Killed a two-headed ogre
  5556 | D:6      | Reached skill level 5 in Fighting
  5556 | D:6      | Reached skill level 9 in Conjurations
  5556 | D:6      | Reached XP level 9. HP: 33/55 MP: 1/21
  6195 | D:6      | Noticed edsrzf's ghost (novice OpAs)
  6274 | D:6      | Noticed Eustachio
  6280 | D:6      | Killed Eustachio
  6582 | D:7      | Found a burning altar of Makhleb.
  6596 | D:7      | Noticed myxocpahck's ghost (novice DESu)
  6775 | D:7      | Reached * piety under Vehumet
  6775 | D:7      | Offered knowledge of Sting by Vehumet.
  6921 | D:7      | Reached skill level 1 in Armour
  6923 | D:7      | Reached skill level 10 in Conjurations
  7052 | D:7      | Killed myxocpahck's ghost
  7052 | D:7      | Reached XP level 10. HP: 7/61 MP: 2/24
  7372 | D:7      | Found a staircase to the Ecumenical Temple.
  7660 | D:7      | Reached ** piety under Vehumet
  7689 | D:7      | Offered knowledge of Throw Flame by Vehumet.
  8230 | D:7      | Learned a level 2 spell: Throw Flame
  8492 | D:8      | Noticed a two-headed ogre
  8891 | D:8      | Found a staircase to the Lair.
  8919 | D:8      | Killed a two-headed ogre
  8919 | D:8      | Reached skill level 1 in Fire Magic
  9248 | D:8      | HP: 2/63 [basilisk (6)]
  9249 | D:8      | Slain by a basilisk

Vault maps used:
D:1:      dpeg_arrival_tiny_i
D:2:      cheibrodos_pilgrimage, lemuel_doored_altar, first_ration, uniq_jessica
D:4:      nicolae_overflow_hidden_temple, kennysheep_generic_room_3
D:5:      old_standard_altar, gammafunk_temple_overflow_elements, uniq_sigmund
D:6:      makhleb_grotto_becter, mrwooster_statue_mirror, uniq_eustachio
D:7:      minmay_temple_entry_statues_fountains, minmay_misc_feat_columns,
          grunt_livestock, bloody_makhleb
D:8:      kennysheep_little_box, kennysheep_mini_moat, david_lair_generic,
          serial_shops, kennysheep_mini

Skill      XL: |  1  2  3  4  5  6  7  8  9 10 |
---------------+-------------------------------+-----
Fighting       | 1 2 3 4 5 6 7 |  7.1
Spellcasting   | 3 4 6 7 9 |  9.8
Conjurations   | 6 7 9 10 | 10.8
Armour         | 2 3 |  3.7
Dodging        | 3 4 |  4.4
Fire Magic     | 1 |  1.5
Stealth        | |  2.0

Action                   |  1- 3 |  4- 6 |  7- 9 | 10-12 || total
-------------------------+-------+-------+-------+-------++-------
Melee: Unarmed           |     5 |       |       |       ||     5
       Kick              |     5 |     2 |    10 |     3 ||    20
       Dagger            |    18 |    21 |    44 |    12 ||    95
       Peck              |     3 |     1 |    13 |     2 ||    19
 Cast: Magic Dart        |    47 |    82 |   127 |    35 ||   291
       Searing Ray       |     3 |    10 |    27 |    20 ||    60
       Fulminant Prism   |       |       |    16 |     6 ||    22
       Iskenderun's Myst |       |       |     4 |     2 ||     6
       Dazzling Spray    |       |       |     2 |     2 ||     4
       Force Lance       |       |       |     1 |     2 ||     3
       Throw Flame       |       |       |       |     6 ||     6
  Use: Potion            |       |       |     3 |       ||     3
       Scroll            |       |       |     3 |     7 ||    10
 Stab: Sleeping          |       |       |     1 |       ||     1
  Eat: Chunk             |     2 |     6 |    14 |    10 ||    32
Armor: Robe              |    10 |     6 |    11 |     6 ||    33
Dodge: Dodged            |    21 |    37 |    85 |    49 ||   192
       Deflected         |       |       |     8 |     1 ||     9

Table legend:
 A = Spawn XP
 B = Non-spawn XP
 C = Spawn XP percentage of total XP
 D = Spawn monster count
 E = Non-spawn monster count
 F = Spawn count percentage of total count
 G = Total turns spent on level
                    A         B        C        D         E        F      G
               +---------+---------+-------+---------+---------+-------+---------
         Total |       0 |    7747 |   0.0 |       0 |     202 |   0.0 |  9249
               +---------+---------+-------+---------+---------+-------+---------
           D:1 |       0 |      57 |   0.0 |       0 |      28 |   0.0 |  1265
           D:2 |       0 |     221 |   0.0 |       0 |      25 |   0.0 |   805
           D:3 |       0 |     185 |   0.0 |       0 |      25 |   0.0 |   981
           D:4 |       0 |     581 |   0.0 |       0 |      23 |   0.0 |  1075
           D:5 |       0 |     478 |   0.0 |       0 |      15 |   0.0 |  1375
           D:6 |       0 |    2137 |   0.0 |       0 |      26 |   0.0 |  1219
           D:7 |       0 |    2880 |   0.0 |       0 |      49 |   0.0 |  2343
           D:8 |       0 |    1208 |   0.0 |       0 |      11 |   0.0 |   186
               +---------+---------+-------+---------+---------+-------+---------
